 Dungeon Crawl Stone Soup version 0.28.0-62-gf88900778d (webtiles) character file.

Game seed: 11854266222390614811

917 jjjjhere the Covert (level 8, 0/69 HPs)
             Began as a Kobold Berserker on Sept 9, 2023.
             Was a Believer of Trog.
             Slain by a troll (4 damage)
             ... on level 5 of the Dungeon.
             The game lasted 00:05:51 (5042 turns).

jjjjhere the Covert (Kobold Berserker)              Turns: 5042, Time: 00:05:52

Health: 0/69       AC:  3    Str: 16    XL:     8   Next: 31%
Magic:  8/8        EV: 14    Int:  8    God:    Trog [**....]
Gold:   433        SH:  6    Dex: 15    Spells: 7/7 levels left

rFire   . . .      SeeInvis .   a - +0 short sword
rCold   . . .      Faith    .   h - +0 buckler
rNeg    . . .      Spirit   .   b - +0 animal skin
rPois   .          Reflect  .   (no helmet)
rElec   .          Harm     .   (no cloak)
rCorr   .          Rampage  .   (no gloves)
Will    .....                   c - +0 pair of boots
Stlth   ..........              (no amulet)
HPRegen 0.21/turn               (no ring)
MPRegen 0.11/turn               (no ring)

@: berserking, studying Throwing, very quick
A: small, no large weapons, nightstalker 3
a: Renounce Religion, Berserk, Trog's Hand


You were on level 5 of the Dungeon.
You worshipped Trog.
Trog was pleased with you.
You visited 1 branch of the dungeon, and saw 5 of its levels.
You also visited: Ossuary.

You collected 459 gold pieces.
You spent 26 gold pieces at shops.

Inventory:

Hand Weapons
 a - a +0 short sword (weapon)
Armour
 b - a +0 animal skin (worn)
 c - a +0 pair of boots (worn)
 h - a +0 buckler (worn)
Jewellery
 d - a ring of poison resistance
Wands
 j - a wand of polymorph (4)
Scrolls
 g - a scroll of enchant armour {unknown}
 i - 2 scrolls of teleportation {unknown}
 m - a scroll of fear {unknown}
 n - a scroll of magic mapping {unknown}
 q - a scroll of enchant weapon {unknown}
 s - a scroll of immolation {unknown}
Potions
 e - a potion of attraction
 f - 3 potions of haste
 k - a potion of ambrosia
 l - 2 potions of mutation
 o - 4 potions of brilliance {unknown}
 p - a potion of flight {unknown}
 r - 2 potions of cancellation {unknown}
 t - 2 potions of curing {unknown}
 u - a potion of resistance {unknown}


   Skills:
 - Level 3.2 Fighting
 - Level 5.2 Short Blades
 - Level 1.5 Armour
 - Level 2.4 Dodging
 + Level 8.9 Stealth
 + Level 4.6 Shields


You had 7 spell levels left.
You didn't know any spells.
Your spell library was empty.

Dungeon Overview and Level Annotations

Branches:
Dungeon (6/15)            Ossuary (visited)
 Temple: D:4-7

Altars:
Gozag
Ru
Yredelemnul

Shops:
D:2 [   D:3 ?


Innate Abilities, Weirdness & Mutations

You are small and have problems with some larger weapons.
You are completely attuned to the shadows.


Message History

As you open the door, it creaks loudly!
You hear a shout!
As you read the scroll of identify, it crumbles to dust.
l - 2 potions of mutation
There is an open door here.
A troll comes into view.
Found a stone staircase leading down.
A troll is nearby!
A red film seems to cover your vision as you go berserk!
You feel yourself moving faster!
You feel mighty! The troll bites you!! The troll claws you!
You block the troll's attack.
You puncture the troll!
The troll is moderately wounded.
The troll bites you! You block the troll's attack.
The troll closely misses you.
You closely miss the troll.
The troll is moderately wounded.
You closely miss the troll.
The troll is moderately wounded.
You block the troll's attack. The troll misses you.
The troll barely misses you.
You barely miss the troll.
The troll is lightly wounded.
You hit the troll.
The troll is moderately wounded.
The troll bites you!
* * * LOW HITPOINT WARNING * * *
The troll claws you!
* * * LOW HITPOINT WARNING * * *
The troll closely misses you.
You puncture the troll!
The troll is heavily wounded.
The troll misses you. The troll claws you.
* * * LOW HITPOINT WARNING * * *
The troll closely misses you.
You barely miss the troll.
The troll is heavily wounded.
You puncture the troll!
The troll is heavily wounded.
The troll bites you.
You die...

###..#### #.##
######.##
#.......#
........#.......#
#.......#.......#
#.......#.......#
#.......#.......+
#..@....#.......#
...T#'#####'######
....#.#####.#
....#.......#
....#########


You could see a troll.

Vanquished Creatures
  A necrophage (D:6)
  A centaur (D:5)
  A bullfrog (D:6)
  A wyvern zombie (D:6)
  2 wights (D:6)
  A centaur zombie (D:5)
  3 hounds
  An orc priest (D:5)
  Ijyb (D:3)
  2 iguanas
  An orc wizard (D:5)
  A scorpion zombie (D:5)
  8 mummies (Ossuary)
  7 gnolls
  3 adders (D:2)
  2 ufetubi (D:5)
  An adder skeleton (D:2)
  4 dart slugs
  6 orcs
  3 bats (D:1)
  4 endoplasms
  2 giant cockroaches
  4 goblins
  2 hobgoblins
  2 jackals (D:2)
  3 kobolds
  A quokka (D:1)
  2 ball pythons
  A frilled lizard (D:2)
  A hobgoblin zombie (Ossuary)
  4 kobold zombies (Ossuary)
  3 orc zombies (Ossuary)
  3 rats
82 creatures vanquished.

Notes
Turn   | Place    | Note
-------+----------+-------------------------------------------
     0 | D:1      | jjjjhere the Kobold Berserker began the quest for the Orb.
     0 | D:1      | Reached XP level 1. HP: 14/14 MP: 1/1
    59 | D:1      | Reached skill level 1 in Stealth
   172 | D:1      | Reached XP level 2. HP: 19/19 MP: 2/2
   280 | D:1      | Found a faded altar of an unknown god.
   423 | D:1      | Reached skill level 2 in Stealth
   781 | D:2      | Reached XP level 3. HP: 23/23 MP: 3/3
   887 | D:2      | Reached skill level 5 in Short Blades
   887 | D:2      | Reached skill level 3 in Stealth
  1079 | D:2      | Reached XP level 4. HP: 28/28 MP: 4/4
  1089 | D:2      | Found an opulent altar of Gozag.
  1119 | D:2      | Reached ** piety under Trog
  1155 | D:2      | Found Juarph's Antique Armour Boutique.
  1513 | D:2      | Reached skill level 4 in Stealth
  1513 | D:2      | Reached skill level 1 in Shields
  1622 | D:2      | HP: 12/42 [gnoll/+0 whip (7)]
  1625 | D:2      | Reached XP level 5. HP: 14/32 MP: 5/5
  2734 | D:3      | Found Hosmur's Magic Scroll Boutique.
  2740 | D:3      | Bought a scroll of identify for 26 gold pieces
  2991 | D:3      | Noticed Ijyb
  2998 | D:3      | Killed Ijyb
  2999 | D:3      | Reached skill level 5 in Stealth
  3020 | D:3      | You fall into a shaft and drop 3 floors!
  3039 | D:6      | Noticed a necrophage
  3044 | D:6      | Killed a necrophage
  3045 | D:6      | Reached XP level 6. HP: 37/37 MP: 6/6
  3089 | D:6      | Reached skill level 6 in Stealth
  3342 | D:6      | Reached XP level 7. HP: 41/41 MP: 7/7
  3515 | D:6      | Reached skill level 7 in Stealth
  3537 | D:6      | Found a basalt altar of Yredelemnul.
  3537 | D:6      | Found a sacrificial altar of Ru.
  3789 | D:5      | Entered Level 5 of the Dungeon
  4145 | D:5      | Reached skill level 8 in Stealth
  4261 | D:5      | Reached XP level 8. HP: 46/46 MP: 8/8
  4390 | D:5      | Found a sand-covered staircase.
  4396 | Ossuary  | Entered an ossuary
  5032 | D:5      | Noticed a troll
  5039 | D:5      | HP: 16/69 [troll (17)]
  5039 | D:5      | HP: 7/69 [troll (9)]
  5042 | D:5      | Slain by a troll

Illustrated notes

Levels and vault maps discovered:
D:1:      scummos_arrival_checkerplants, layout_loops_ring,
          chequers_ecumenical_altar_simple_redux
D:2:      layout_loops_cross, serial_shops, shop, basic_altar, minmay_circled_x
D:3:      layout_basic, serial_shops, nicolae_shop_hallway_plus,
          nicolae_shop_waterfront, minmay_goblin_outpost, uniq_ijyb
D:5:      layout_basic, nicolae_ossuary_entry_plus, grunt_ministairs_15,
          minmay_manual_moon
D:6:      layout_loops_corners, chequers_temple_overflow_statue_of_worship

Skill      XL: |  1  2  3  4  5  6  7 |
---------------+----------------------+-----
Stealth        | 1 2 3 4 5 6 8 |  8.9
Short Blades   | 5 |  5.2
Shields        | 1 2 3 4 |  4.6
Fighting       | |  3.2
Armour         | |  1.5
Dodging        | |  2.4

Action                   |  1- 3 |  4- 6 |  7- 9 || total
-------------------------+-------+-------+-------++-------
Melee: Short sword       |    60 |    84 |   129 ||   273
       Unarmed           |       |     2 |       ||     2
Invok: Berserk           |     2 |     8 |     7 ||    17
       Trog's Hand       |       |     1 |       ||     1
  Use: Scroll            |       |     1 |     3 ||     4
 Stab: Sleeping          |    12 |     8 |     9 ||    29
       Distracted        |       |       |     1 ||     1
Armor: Animal skin       |    12 |     8 |    24 ||    44
Dodge: Dodged            |    30 |    29 |    81 ||   140
Block: Buckler           |       |    16 |    38 ||    54
